 Dungeon Crawl Stone Soup version 0.31-a0-750-gfe7b580527 (webtiles) character file.

Game seed: 1458129416008734541

39 cforsyth the Sneak (level 3, -2/31 HPs)
             Began as a Djinni Delver on Sept 14, 2023.
             Slain by a hobgoblin (5 damage)
             ... led by Robin
             ... on level 3 of the Dungeon.
             The game lasted 00:00:38 (465 turns).

cforsyth the Sneak (Djinni Delver)                   Turns: 465, Time: 00:00:39

Health: -2/31      AC:  3    Str: 11    XL:     3   Next: 70%
Gold:   53         EV: 12    Int: 13    God:
                   SH:  0    Dex: 14

rFire   + + .        a - +0 falchion
rCold   x . .        (no shield)
rNeg    . . .        b - +0 leather armour
rPois   ∞            (no helmet)
rElec   .            (no cloak)
rCorr   .            (no gloves)
SInv    .            (boots unavailable)
Will    .....        (no amulet)
Stlth   ++           (no ring)
HPRegen 0.25/turn    (no ring)
MPRegen 0.00/turn

%: infuse magic (-3 HP)
@: flying
A: sickness immunity, fire resistance 2, cold vulnerability 1, float, innate
caster, HP casting, extra vitality 1
a: no special abilities


You were on level 3 of the Dungeon.
You visited 1 branch of the dungeon, and saw 3 of its levels.

You collected 53 gold pieces.

Inventory:

Hand Weapons
 a - a +0 falchion (weapon)
Armour
 b - a +0 leather armour (worn)
Wands
 g - a wand of digging (3)
Scrolls
 c - a scroll of fog
 d - a scroll of revelation
 e - a scroll of fear
 i - a scroll of teleportation {unknown}
Potions
 f - a potion of haste
 h - a potion of brilliance {unknown}


   Skills:
 + Level 3.7 Fighting
 - Level 1.7 Long Blades
 - Level 2.1 Dodging
 - Level 4.1 Stealth
 + Level 1.4 Spellcasting
 + Level 1.4 Conjurations
 + Level 1.4 Hexes
   Level 0.0 Charms
 + Level 1.4 Summonings
 + Level 1.4 Necromancy
 + Level 1.4 Translocations
 + Level 1.4 Transmutations
 + Level 1.4 Fire Magic
 + Level 1.4 Ice Magic
 + Level 1.4 Air Magic
 + Level 1.4 Earth Magic
 + Level 1.4 Poison Magic


You knew the following spells:

 Your Spells              Type           Power      Damage    Failure   Level
a - Shock                 Conj/Air       16%        1d4       21%         1
Your spell library was empty.

Dungeon Overview and Level Annotations

Branches:
Dungeon (5/15)
 Temple: D:4-7

Altars:

Annotations:
D:3 Robin


Innate Abilities, Weirdness & Mutations

You are immune to sickness and miasma.
You are immune to poison.
Your flesh is very heat resistant. (rF++)
You are vulnerable to cold. (rC-)
You float through the air rather than walking.
You learn spells naturally, not from books.
Your magical power is your life essence.
You have superior vitality. (+4 MHP)


Message History

You see here a +0 club.
You hit the hobgoblin.
The hobgoblin is heavily wounded.
The hobgoblin completely misses you.
A goblin comes into view. It is wielding a +0 dagger.
A goblin comes into view. It is wielding a +0 club.
Robin says, "My goblins will feast on your bones."
Robin throws the goblin at you!
You closely miss the hobgoblin.
The hobgoblin is heavily wounded.
The hobgoblin hits you. The goblin hits you with a +0 dagger.
The goblin hits you but does no damage. The goblin barely misses you.
The hobgoblin barely misses you. The goblin barely misses you.
You closely miss the goblin. The hobgoblin barely misses you.
The goblin closely misses you. x2
The goblin shouts! x2
You hit the goblin.
You kill the goblin!
The hobgoblin hits you. The goblin hits you with a +0 dagger.
The hobgoblin attacks as it pursues you!
The hobgoblin hits you. Robin throws the goblin at you!
Things that are here:
a +0 club; a +0 sling; a goblin corpse You closely miss the goblin.
The goblin misses you. The hobgoblin hits you.
You hit the goblin.
The goblin is heavily wounded.
The goblin hits you with a +0 club.
* * * LOW HITPOINT WARNING * * *
The hobgoblin barely misses you.
You hit the goblin.
You kill the goblin!
Robin throws the goblin at you! The hobgoblin misses you.
The goblin hits you with a +0 dagger.
* * * LOW HITPOINT WARNING * * *
You hit the goblin.
You kill the goblin!
The goblin no longer looks unusually strong.
The hobgoblin no longer looks unusually strong.
The hobgoblin hits you.
You die...

#..# #..# #..# #..#
#..## ######ggg
.....ggg# #g# #@# #)#
### #######.# #..
........#
#.############.######.#
#.##..........#.......#
#.##.#########.######.#
###.##.# #†# .......#
#.#


You could see Robin, 3 hobgoblins and 2 goblins.

Vanquished Creatures
  An iguana (D:4)
  An adder (D:5)
  4 goblins (D:3)
  A hobgoblin (D:3)
  A bat (D:3)
8 creatures vanquished.

Notes
Turn   | Place    | Note
-------+----------+-------------------------------------------
     0 | D:5      | cforsyth the Djinni Delver began the quest for the Orb.
     0 | D:5      | Reached XP level 1. HP: 20/20 MP: 0/0
    24 | D:5      | Reached XP level 2. HP: 22/25 MP: 0/0
   113 | D:4      | Reached skill level 1 in Spellcasting
   113 | D:4      | Reached skill level 1 in Conjurations
   113 | D:4      | Reached skill level 1 in Hexes
   113 | D:4      | Reached skill level 1 in Summonings
   113 | D:4      | Reached skill level 1 in Necromancy
   113 | D:4      | Reached skill level 1 in Translocations
   113 | D:4      | Reached skill level 1 in Transmutations
   113 | D:4      | Reached skill level 1 in Fire Magic
   113 | D:4      | Reached skill level 1 in Ice Magic
   113 | D:4      | Reached skill level 1 in Air Magic
   113 | D:4      | Reached skill level 1 in Earth Magic
   113 | D:4      | Reached skill level 1 in Poison Magic
   113 | D:4      | Reached XP level 3. HP: 3/30 MP: 0/0
   113 | D:4      | Learned a level 1 spell: Shock
   390 | D:4      | Noticed an orc warrior
   454 | D:3      | Noticed Robin
   465 | D:3      | Slain by a hobgoblin

Illustrated notes

Levels and vault maps discovered:
D:3:      minmay_diamond_boxcup, layout_loops_ring, dreamdust_wishing_well,
          dreamdust_princess_corridor, uniq_robin
D:4:      kennysheep_slugbush, layout_basic, xom_redecorated,
          mainiacjoe_overflow_swirl, lemuel_tele_altar
D:5:      layout_basic, nicolae_overflow_hidden_temple, st_stairs_6,
          grunt_decor_one_mirror, uniq_pikel

Skill      XL: |  1  2 |
---------------+-------+-----
Spellcasting   | 1 |  1.4
Conjurations   | 1 |  1.4
Hexes          | 1 |  1.4
Summonings     | 1 |  1.4
Necromancy     | 1 |  1.4
Translocations | 1 |  1.4
Transmutations | 1 |  1.4
Fire Magic     | 1 |  1.4
Ice Magic      | 1 |  1.4
Air Magic      | 1 |  1.4
Earth Magic    | 1 |  1.4
Poison Magic   | 1 |  1.4
Fighting       | |  3.7
Long Blades    | |  1.7
Dodging        | |  2.1
Stealth        | |  4.1

Action                     || total
---------------------------++-------
  Melee: Falchion          ||    28
 Armour: Leather armour    ||    25
  Dodge: Dodged            ||    22

Table legend: (Time is in decaauts)
 A = Elapsed time spent in this place.
 B = Non-inter-level travel time spent in this place.
 C = Inter-level travel time spent in this place.
 D = Time resting spent in this place.
 E = Time spent auto-exploring this place.
 F = Levels seen in this place.
 G = Mean time per level.
                   A        B        C        D        E       F      G
               +--------+--------+--------+--------+--------+-----+--------+
         Total |    471 |    471 |      0 |    240 |    127 |   3 |  157.0 |
       Dungeon |    471 |    471 |      0 |    240 |    127 |   3 |  157.0 |
               +--------+--------+--------+--------+--------+-----+--------+

Top non-repeatable levels by time:
     D:4: 347 daAuts
     D:3: 69 daAuts
     D:5: 54 daAuts
